 Dungeon Sprint DCSS version 0.31-a0-806-g0bc164a743 (webtiles) character file.

Game seed: 289495554980559909

102 Conn the Firebug (level 4, 0/27 HPs)
             Began as an Octopode Fire Elementalist on Sept 21, 2023.
             Was a Priest of Sif Muna.
             Slain by a sky beast (6 damage)
             ... in the Dungeon (Sprint VII: "The Pits").
             The game lasted 00:03:02 (329 turns).

Conn the Firebug (Octopode Fire Elementalist)        Turns: 329, Time: 00:03:02

Health: 0/27       AC:  1    Str:  7    XL:     4   Next: 78%
Magic:  3/10       EV: 14    Int: 19    God:    Sif Muna [***...]
Gold:   0          SH:  0    Dex: 12    Spells: 8/11 levels left

rFire   . . .        k - +2 quarterstaff (protect)
rCold   . . .        (shield currently unavailable)
rNeg    . . .        (helmet restricted)
rPois   .            (no amulet)
rElec   .            (no ring)
rCorr   .            (no ring)
SInv    .            (no ring)
Will    .....        (no ring)
Stlth   ++++         (no ring)
HPRegen 0.24/turn    (no ring)
MPRegen 0.12/turn    (no ring)
                     (no ring)

%: no teleportation
@: on berserk cooldown, hasted and slowed
A: almost no armour, amphibious, 8 rings, camouflage 1, gelatinous body 1,
(nimble swimmer 1), tentacles
a: Renounce Religion, Channel Magic, Forget Spell


You were in the Dungeon.
You worshipped Sif Muna.
Sif Muna was most pleased with you.
You visited 1 branch

Inventory:

Hand Weapons
 k - a +2 quarterstaff of protection (weapon)
Scrolls
 f - a scroll of blinking
 h - 2 scrolls of vulnerability
 i - 5 scrolls of amnesia
 j - a scroll of butterflies
Potions
 a - 5 potions of magic
 b - 6 potions of curing
 c - 6 potions of heal wounds
 e - 2 potions of berserk rage
 g - 2 potions of invisibility


   Skills:
 + Level 0.1 Fighting
 + Level 1.0 Staves
 + Level 4.0 Dodging
 + Level 4.4 Stealth
 + Level 0.2 Unarmed Combat
 + Level 4.3 Spellcasting
 + Level 2.3 Conjurations
 + Level 6.6 Fire Magic


You had 8 spell levels left.
You knew the following spells:

 Your Spells              Type           Power      Damage    Failure   Level
a - Foxfire               Conj/Fire      84%        2x1d8     1%          1
b - Scorch                Fire           58%        2d7       1%          2

Your spell library contained the following spells:

 Spells                   Type           Power      Damage    Failure   Level
 Inner Flame              Hex/Fire       16%        N/A       11%         3
 Volatile Blastmotes      Fire/Tloc      32%        2d12      11%         3
 Flame Wave               Conj/Fire      21%        2d8       21%         4


Dungeon Overview and Level Annotations

Branches:
Dungeon (1/1)

Altars:
Ashenzari
Cheibriados
Dithmenos
Elyvilon
Fedhas
Gozag
Hepliaklqana
Kikubaaqudgha
Makhleb
Nemelex Xobeh
Okawaru
Qazlal
Ru
Sif Muna
Trog
Uskayaw
Vehumet
Wu Jian
Xom
Yredelemnul
Zin
The Shining One
Jiyva
Lugonu

Annotations:
D Jessica


Innate Abilities, Weirdness & Mutations

You cannot wear most types of armour.
You are amphibious.
You can wear up to eight rings at the same time.
Your skin changes colour to match your surroundings (Stealth+).
Your rubbery body absorbs attacks. (AC +1, EV +1)
((You are camouflaged when in or above water. (Stealth+)))
You have tentacles for arms and can constrict up to eight enemies at once.


Message History

Unknown command.
You aren't carrying any items that you can evoke.
Unknown command.
Unknown command.
Unknown command.
Unknown command.
Unknown command.
Casting: Scorch (safe; 1% risk of failure)
Confirm with . or Enter, or press ? or * to list all spells.
Flames lash something.
A sky beast appears from thin air!
Reactivating autopickup.
The sky beast hits you but does no damage.
The sky beast closely misses you.
You feel yourself speed up. The sky beast misses you.
The sky beast flickers out of sight!
Deactivating autopickup; reactivate with Ctrl-A.
Something hits you. Something shocks you. Something completely misses you.
The quokka twitches its whiskers.
Jessica gestures wildly while chanting.
Jessica blinks!
Something barely misses you.
There is an open door here.
Something completely misses you.
A sky beast appears from thin air!
Reactivating autopickup.
The sky beast attacks as it pursues you!
The sky beast barely misses you.
You see here a hobgoblin skeleton.
The sky beast flickers out of sight!
Deactivating autopickup; reactivate with Ctrl-A.
Something hits you. Something shocks you.
There is an open door to the Storerooms (Easy) here.
Things that are here:
a +0 spear; a gnoll corpse; a giant cockroach corpse Jessica mumbles some strange words.
Jessica blinks!
Something hits you.
* * * LOW HITPOINT WARNING * * *
Something shocks you.
You die...

######### _______.#
_______.#
_____...###########++# #
#######'##..............
(.')))'.##......#..#....
#######.##..r...........
.......÷.)..O..{@.......
####'#####......#..#....
.....#[[##............ .
.....#))#####'#####++##
##÷###))##.......#
.....#).##.......#
.....#..##.......#
###'##'###...<...#
)†......##.......#


You could see an ogre and a quokka.

Vanquished Creatures
  A scorpion (D)
  An iguana (D)
  A gnoll (D)
  An orc (D)
  A giant cockroach (D)
  2 hobgoblins (D)
  A quokka (D)
  A ball python (D)
  2 frilled lizards (D)
11 creatures vanquished.

Vanquished Creatures (others)
  20 foxfires (D)
20 creatures vanquished.

Grand Total: 31 creatures vanquished

Notes
Turn   | Place    | Note
-------+----------+-------------------------------------------
     0 | D        | Conn the Octopode Fire Elementalist began the quest for the
                  | Orb.
     0 | D        | Reached XP level 1. HP: 11/11 MP: 3/3
    35 | D        | Found a bloodstained altar of Trog.
    35 | D        | Found a shimmering blue altar of Sif Muna.
    35 | D        | Found a viscous altar of Jiyva.
    35 | D        | Found a hazy altar of Hepliaklqana.
    35 | D        | Found an opulent altar of Gozag.
    36 | D        | Found a glowing golden altar of the Shining One.
    36 | D        | Found a glowing silver altar of Zin.
    36 | D        | Found a basalt altar of Yredelemnul.
    36 | D        | Found a shimmering altar of Xom.
    36 | D        | Found an ornate altar of the Wu Jian Council.
    36 | D        | Found a sacrificial altar of Ru.
    36 | D        | Found a stormy altar of Qazlal.
    36 | D        | Found an iron altar of Okawaru.
    36 | D        | Found a sparkling altar of Nemelex Xobeh.
    36 | D        | Found a burning altar of Makhleb.
    36 | D        | Found a blossoming altar of Fedhas.
    36 | D        | Found a white marble altar of Elyvilon.
    36 | D        | Found a shadowy altar of Dithmenos.
    36 | D        | Found a snail-covered altar of Cheibriados.
    38 | D        | Found a corrupted altar of Lugonu.
    38 | D        | Found a radiant altar of Vehumet.
    39 | D        | Found an ancient bone altar of Kikubaaqudgha.
    39 | D        | Found a hide-covered altar of Uskayaw.
    39 | D        | Found a broken altar of Ashenzari.
    44 | D        | Became a worshipper of Sif Muna the Loreminder
    85 | D        | Reached * piety under Sif Muna
   139 | D        | Reached skill level 4 in Fire Magic
   140 | D        | Reached ** piety under Sif Muna
   141 | D        | Reached XP level 2. HP: 8/17 MP: 0/5
   277 | D        | Noticed a scorpion
   278 | D        | Noticed an ogre
   284 | D        | Learned a level 2 spell: Scorch
   289 | D        | Noticed a sky beast
   290 | D        | Killed a scorpion
   290 | D        | Noticed Jessica
   291 | D        | Reached skill level 6 in Fire Magic
   291 | D        | Reached XP level 3. HP: 21/21 MP: 0/8
   291 | D        | Reached XP level 4. HP: 27/27 MP: 0/10
   299 | D        | Reached *** piety under Sif Muna
   300 | D        | Reached skill level 1 in Staves
   329 | D        | Slain by a sky beast

Illustrated notes

Levels and vault maps discovered:
D:        pitsprint [storerooms_1, entrance_room_1, metal_vault_7, armoury_2,
          mini_pit_1, grid_room_1, main_hall_1, silver_pit, the_coven_1,
          the_vestibule_1, steel_vault_5, golden_pit, hallway_of_sentries,
          crystal_vault_4, iron_vault_1, final_vault]

Skill      XL: |  1  2  3  4 |
---------------+-------------+-----
Stealth        | 3 4 |  4.4
Fire Magic     | 4 6 |  6.6
Dodging        | 3 4 |  4.0
Spellcasting   | 4 |  4.3
Conjurations   | 2 |  2.3
Staves         | 1 |  1.0
Fighting       | |  0.1
Unarmed Combat | |  0.2

Action                     |  1- 3 |  4- 6 || total
---------------------------+-------+-------++-------
  Melee: Unarmed           |    11 |       ||    11
         Constrict         |     3 |     1 ||     4
         Quarterstaff      |     2 |     9 ||    11
         Tentacles         |     1 |       ||     1
   Cast: Foxfire           |    13 |       ||    13
         Scorch            |     2 |     1 ||     3
    Use: Potion            |       |     2 ||     2
 Armour: Skin              |     5 |    10 ||    15
  Dodge: Dodged            |    16 |    11 ||    27

Table legend: (Time is in decaauts)
 A = Elapsed time spent in this place.
 B = Non-inter-level travel time spent in this place.
 C = Inter-level travel time spent in this place.
 D = Time resting spent in this place.
 E = Time spent auto-exploring this place.
 F = Levels seen in this place.
 G = Mean time per level.
                   A        B        C        D        E       F      G
               +--------+--------+--------+--------+--------+-----+--------+
         Total |    334 |    334 |      0 |     97 |      0 |   1 |  334.0 |
       Dungeon |    334 |    334 |      0 |     97 |      0 |   1 |  334.0 |
               +--------+--------+--------+--------+--------+-----+--------+

Top non-repeatable levels by time:
       D: 334 daAuts
